 Dungeon Crawl Stone Soup version 0.29-a0-1047-g7c58e119a4 (webtiles) character file.

Game seed: 2100920941268542521

464 IdlyInterested the Poker (level 6, 0/47 HPs)
             Began as a Demonspawn Wanderer on Aug 16, 2022.
             Slain by Blork the orc
             ... wielding a +0 short sword of protection
              (4 damage)
             ... on level 4 of the Dungeon.
             The game lasted 00:11:36 (3208 turns).

IdlyInterested the Poker (Demonspawn Wanderer)      Turns: 3208, Time: 00:11:36

Health: 0/47       AC: 11    Str: 15    XL:     6   Next: 80%
Magic:  10/10      EV:  6    Int: 14    God:
Gold:   162        SH:  0    Dex: 11    Spells: 10/11 levels left

rFire   . . .      SeeInvis .   a - +3 spear (flame)
rCold   . . .      Faith    .   (no shield)
rNeg    . . .      Spirit   .   p - +0 chain mail
rPois   .          Reflect  .   (no helmet)
rElec   .          Harm     .   h - +2 cloak
rCorr   .          Rampage  .   (no gloves)
Will    +....                   (no boots)
Stlth   ..........              (no amulet)
HPRegen 0.15/turn               t - ring of willpower
MPRegen 0.24/turn               (no ring)

@: no status effects
A: magic regeneration, weakness stinger 2
a: no special abilities


You were on level 4 of the Dungeon.
You visited 1 branch of the dungeon, and saw 4 of its levels.

You collected 162 gold pieces.

Inventory:

Hand Weapons
 a - a +3 spear of flaming (weapon)
 g - a +0 halberd
Missiles
 f - 7 poisoned darts
Armour
 c - a +0 robe
 h - a +2 cloak (worn)
 i - a +0 ring mail
 j - a +1 leather armour
 p - a +0 chain mail (worn)
Jewellery
 k - a ring of ice
 s - a ring of ice
 t - a ring of willpower (left hand)
Wands
 q - a wand of charming (4)
 v - a wand of flame (8)
Scrolls
 b - a scroll of blinking
 l - a scroll of fear
 x - 2 scrolls of teleportation
Potions
 d - 2 potions of degeneration {unknown}
 r - 2 potions of attraction {unknown}
 u - a potion of mutation
 w - a potion of brilliance {unknown}


   Skills:
 - Level 3.0 Fighting
 * Level 6.0 Polearms
 + Level 0.4 Throwing
 - Level 1.0 Armour
 - Level 1.0 Dodging
 - Level 2.0 Stealth
 - Level 3.0 Spellcasting
 + Level 2.4 Necromancy
 - Level 1.0 Evocations


You had 10 spell levels left.
You knew the following spells:

 Your Spells              Type           Power      Damage    Failure   Level
a - Necrotise             Necr           32%        1d5       88%         1

Your spell library contained the following spells:

 Spells                   Type           Power      Damage    Failure   Level
 Vampiric Draining        Necr           8%         2d6       99%         3


Dungeon Overview and Level Annotations

Branches:
Dungeon (4/15)
 Temple: D:4-7

Altars:
Gozag

Annotations:
D:4 Blork the orc


Innate Abilities, Weirdness & Mutations

You regenerate magic rapidly.
You have a tail ending in a sharp stinger.


Message History

Blork the orc is moderately wounded.
Blork the orc hits you but does no damage.
You puncture Blork the orc! You burn Blork the orc.
Your tail-slap misses Blork the orc.
Blork the orc is heavily wounded.
Blork the orc miscasts a cantrip.
You hit Blork the orc but do no damage.
Blork the orc is heavily wounded.
Blork the orc hits you but does no damage. x2
You barely miss Blork the orc.
Blork the orc is heavily wounded.
Blork the orc gestures at you while chanting.
The magic dart hits you.
You hit Blork the orc but do no damage.
Blork the orc is heavily wounded.
Blork the orc hits you but does no damage.
You hit Blork the orc but do no damage.
Blork the orc is heavily wounded.
Blork the orc hits you with a +0 short sword of protection.
You closely miss Blork the orc.
Blork the orc is heavily wounded.
Blork the orc hits you with a +0 short sword of protection.
* * * LOW HITPOINT WARNING * * *
You hit Blork the orc. You burn Blork the orc. You tail-slap Blork the orc.
Blork the orc is severely wounded.
Blork the orc hits you but does no damage.
Blork the orc hits you with a +0 short sword of protection.
* * * LOW HITPOINT WARNING * * *
You feel better.
Blork the orc looks satisfied for a moment.
You completely miss Blork the orc.
Blork the orc is severely wounded.
Blork the orc hits you with a +0 short sword of protection!
* * * LOW HITPOINT WARNING * * *
You hit Blork the orc. You burn Blork the orc.
Blork the orc is severely wounded.
Blork the orc hits you with a +0 short sword of protection.
* * * LOW HITPOINT WARNING * * *
Blork the orc hits you with a +0 short sword of protection.
You die...

# .# #######.# #
#.).....##.# #.#
#@##.......#
'##...#o##.#######
)g.g..))##.####
.S....#.[#..<.#
.....##..####.#
### ..... .#.. .#
#.# .... # .#.
#.#####.# ...
.#.##.......# ##.
.# ########.####


You could see Blork the orc (fast).

Vanquished Creatures
  Duvessa (D:4)
  An ogre (D:4)
  5 adders
  10 gnolls
  A worm (D:2)
  A dart slug (D:1)
  9 ball pythons
  5 bats
  5 endoplasms
  3 giant cockroaches
  9 goblins
  4 hobgoblins
  5 quokkas
  A frilled lizard (D:2)
  5 kobolds
  7 rats
72 creatures vanquished.

Vanquished Creatures (collateral kills)
  Dowan (D:4)
  An adder (D:4)
  3 goblins (D:4)
  A kobold (D:2)
6 creatures vanquished.

Vanquished Creatures (others)
  A plant (D:3)
1 creature vanquished.

Grand Total: 79 creatures vanquished

Notes
Turn   | Place    | Note
-------+----------+-------------------------------------------
     0 | D:1      | IdlyInterested the Demonspawn Wanderer began the quest for
                  | the Orb.
     0 | D:1      | IdlyInterested set off with the following items: a +3
                  | spear, a scroll of blinking, a +0 robe; and the following
                  | spell memorised: Necrotise; and the following spells
                  | available to memorise: Vampiric Draining.
     0 | D:1      | Reached XP level 1. HP: 18/18 MP: 2/2
   123 | D:1      | Discovered your monstrous ancestry.
   123 | D:1      | Gained mutation: You have a small tail. [demonic ancestry]
   123 | D:1      | Reached XP level 2. HP: 16/24 MP: 3/3
   257 | D:1      | Reached skill level 1 in Stealth
   816 | D:1      | Reached skill level 4 in Polearms
   958 | D:1      | Found a faded altar of an unknown god.
  1102 | D:1      | Reached XP level 3. HP: 28/29 MP: 5/5
  1495 | D:2      | HP: 1/29 [gnoll/+0 halberd (12)]
  1497 | D:2      | Reached XP level 4. HP: 2/35 MP: 0/6
  1979 | D:2      | HP: 1/35 [gnoll/+0 spear (7)]
  2312 | D:3      | Found an opulent altar of Gozag.
  2320 | D:3      | Gained mutation: You have a tail ending in a sharp stinger.
                  | [demonic ancestry]
  2320 | D:3      | Reached XP level 5. HP: 41/41 MP: 8/8
  2367 | D:3      | Reached skill level 1 in Armour
  2737 | D:3      | Reached skill level 5 in Polearms
  3105 | D:4      | Noticed Duvessa
  3105 | D:4      | Noticed Dowan
  3123 | D:4      | Killed Duvessa
  3124 | D:4      | Reached skill level 1 in Dodging
  3124 | D:4      | Gained mutation: You regenerate magic rapidly. [demonic
                  | ancestry]
  3124 | D:4      | Reached XP level 6. HP: 32/47 MP: 8/10
  3137 | D:4      | Noticed Blork the orc
  3170 | D:4      | Reached skill level 1 in Evocations
  3175 | D:4      | Killed Dowan
  3176 | D:4      | Reached skill level 6 in Polearms
  3208 | D:4      | Slain by Blork the orc

Illustrated notes

Levels and vault maps discovered:
D:1:      onia_arrival_handbag, layout_loops_ring,
          shapermc_ecumenical_altar_mp_vishouse, st_stairs_9,
          nicolae_concentric_dashed_squares_wild, minmay_pentomino_u2
D:2:      layout_rooms
D:3:      layout_rooms, nicolae_gozag_seed_capital, nicolae_grassy_gnolls
D:4:      layout_basic, vehumet_statue, chequers_mini_garden,
          minmay_ogre_servants, uniq_duvessa, uniq_blork_the_orc

Skill      XL: |  1  2  3  4  5  6 |
---------------+-------------------+-----
Stealth        | 1 2 |  2.0
Polearms       | 4 5 6 |  6.0
Spellcasting   | 2 3 |  3.0
Armour         | 1 |  1.0
Dodging        | 1 |  1.0
Evocations     | 1 |  1.0
Fighting       | |  3.0
Throwing       | |  0.4
Necromancy     | |  2.4

Action                   |  1- 3 |  4- 6 || total
-------------------------+-------+-------++-------
Melee: Spear             |    77 |   143 ||   220
       Tailslap          |     3 |     9 ||    12
       Punch             |       |     2 ||     2
 Cast: Necrotise         |    19 |     1 ||    20
Evoke: Wand              |       |     3 ||     3
  Use: Scroll            |     3 |     8 ||    11
       Potion            |       |     4 ||     4
 Stab: Sleeping          |     4 |       ||     4
Armor: Leather armour    |    22 |       ||    22
       Robe              |     7 |       ||     7
       Chain mail        |       |    55 ||    55
Dodge: Dodged            |    61 |    31 ||    92

Table legend: (Time is in decaauts)
 A = Elapsed time spent in this place.
 B = Non-inter-level travel time spent in this place.
 C = Inter-level travel time spent in this place.
 D = Time resting spent in this place.
 E = Time spent auto-exploring this place.
 F = Levels seen in this place.
 G = Mean time per level.
                   A        B        C        D        E       F      G
               +--------+--------+--------+--------+--------+-----+--------+
         Total |   3165 |   2820 |    345 |    591 |   1424 |   4 |  791.2 |
       Dungeon |   3165 |   2820 |    345 |    591 |   1424 |   4 |  791.2 |
               +--------+--------+--------+--------+--------+-----+--------+

Top non-repeatable levels by time:
     D:1: 1390 daAuts
     D:2: 939 daAuts
     D:3: 731 daAuts
     D:4: 104 daAuts
